 Dungeon Crawl Stone Soup version 0.19-a0-682-g708bd0e (webtiles) character file.

10807 AlphabetPasta the Basher (level 11, -4/113 HPs)
             Began as an Ogre Warper on June 17, 2016.
             Was a High Priest of Makhleb.
             Slain by a manticore (12 damage)
             ... on level 11 of the Dungeon on June 18, 2016.
             The game lasted 01:34:54 (16001 turns).

AlphabetPasta the Basher (Ogre Warper)             Turns: 16001, Time: 01:34:55

Health: -4/113     AC:  7    Str: 18    XL:     11   Next: 67%
Magic:  21/21      EV: 12    Int: 15    God:    Makhleb [*****.]
Gold:   991        SH:  0    Dex:  9    Spells: 6 memorised, 8 levels left

rFire  . . .     SeeInvis .     a - +0 giant club
rCold  . . .     Gourm    .     D - +1 robe
rNeg   . . .     Faith    .     (shield currently unavailable)
rPois  .         Spirit   .     j - +2 hat
rElec  .         Dismiss  .     A - +0 cloak
rCorr  .         Reflect  .     (gloves unavailable)
SustAt .         Harm     .     (boots unavailable)
MR     +....                    (no amulet)
Stlth  +.........               (no ring)
                                (no ring)

@: confused, manticore barbs, somewhat resistant to hostile enchantments, very
unstealthy
A: unfitting armour, tough skin 1
a: Minor Destruction, Lesser Servant of Makhleb, Major Destruction, Greater
Servant of Makhleb, Renounce Religion


You were on level 11 of the Dungeon.
You worshipped Makhleb.
Makhleb was extremely pleased with you.
You were not hungry.

You visited 2 branches of the dungeon, and saw 12 of its levels.

You collected 991 gold pieces.

Inventory:

Hand Weapons
 a - a +0 giant club (weapon)
 b - a +0 blowgun
 i - a +3 flail of protection
 q - a +0 morningstar
 y - a +2 flail of draining
 K - a +0 giant spiked club
Missiles
 e - 2 tomahawks of dispersal
 l - a steel tomahawk
 n - 60 poisoned needles
 r - 14 tomahawks (quivered)
 B - 3 tomahawks of returning
 G - 2 javelins
 J - 2 silver tomahawks
Armour
 j - a +2 hat (worn)
 A - a +0 cloak (worn)
 D - a +1 robe (worn)
Jewellery
 p - an uncursed ring of fire
Wands
 u - a wand of iceblast (7/15)
 w - a wand of paralysis (2/24)
 x - a wand of slowing (6/48)
 H - a wand of flame (33/48)
Scrolls
 g - 3 scrolls of identify
 h - 5 scrolls of teleportation
 s - 2 scrolls of amnesia
 t - 4 scrolls of fog
 z - 2 scrolls of enchant armour
 I - 3 scrolls of remove curse
Potions
 d - a potion of ambrosia
 k - a potion of brilliance
 m - 2 potions of curing
 v - 2 potions of magic
 E - a potion of cure mutation
 F - a potion of agility
Books
 c - a book of Spatial Translocations

   Spells                             Type                      Level
   a - Apportation                    Translocation                1
   b - Blink                          Translocation                2
   c - Shroud of Golubria             Charms/Translocation         2
   d - Portal Projectile              Translocation                3
   e - Teleport Other                 Translocation                3
   f - Passage of Golubria            Translocation                4
Comestibles
 f - 8 bread rations
 o - 4 meat rations
 C - 4 slices of pizza


   Skills:
 + Level 8.3 Fighting
 * Level 11.7 Maces & Flails
 + Level 6.1 Throwing
 + Level 6.3 Dodging
 + Level 6.9 Spellcasting
 - Level 1.2 Charms
 * Level 6.9 Translocations
 + Level 4.5 Invocations
 - Level 1.4 Evocations


You had 8 spell levels left.
You knew the following spells:

 Your Spells              Type           Power        Failure   Level  Hunger
a - Apportation           Tloc           ####......   1%          1    None
b - Blink                 Tloc           N/A          1%          2    None
c - Shroud of Golubria    Chrm/Tloc      ###.......   4%          2    None
d - Portal Projectile     Tloc           ####..       2%          3    ##.....
e - Teleport Other        Tloc           ####....     2%          3    ##.....
f - Passage of Golubria   Tloc           N/A          10%         4    ####...


Dungeon Overview and Level Annotations

Branches:
Dungeon (11/15)            Temple (1/1) D:7            Lair (0/6) D:11
    Orc: D:9-12

Altars:
Ashenzari
Cheibriados
Dithmenos
Elyvilon
Fedhas
Gozag
Hepliaklqana
Kikubaaqudgha
Makhleb
Nemelex Xobeh
Okawaru
Pakellas
Qazlal
Ru
Sif Muna
Trog
Uskayaw
Vehumet
Xom
Yredelemnul
Zin
The Shining One

Annotations:
D:10 Maud


Innate Abilities, Weirdness & Mutations

You are too large for most types of armour.
You have tough skin. (AC +1)


Message History

The manticore barely misses you.
The manticore claws you but does no damage.
You bludgeon the manticore!!
The manticore is heavily wounded.
The manticore bites you! The manticore misses you. The manticore claws you!
* * * LOW HITPOINT WARNING * * *
Your shroud falls apart!
You closely miss the manticore.
The manticore is heavily wounded.
The manticore bites you!
* * * LOW HITPOINT WARNING * * *
The manticore claws you!
* * * LOW HITPOINT WARNING * * *
The manticore claws you.
* * * LOW HITPOINT WARNING * * *
Okay, then.
You are confused.
You feel invigorated. The manticore closely misses you.
The manticore barely misses you. The manticore claws you!
You die...

..# .... ..#####...
........##+##
........#...#
).......#...##########
..).....#....#.......#
........#...##......(#
...##'###...##...H(((#
...#..).)...##..@#
...#..#.....###'## '#
...#######..##...#.>..
#....#####'###...'.....
#<...+...........#.....
'....#......###'##.....
#....#####..# ...# ....
..#### #..# ...# ##.
..# ...# ....


You could see a manticore.

Vanquished Creatures
  Erolcha (D:10)
  The ghost of Magifyre the Thaumaturge, a novice DESu of Sif Muna (D:10)
  The ghost of Magifyre the Thaumaturge, a novice DEFE of Vehumet (D:9)
  A hill giant (D:11)
  Pikel (D:4)
  An ugly thing (D:8)
  A centaur skeleton (D:7)
  3 trolls
  The ghost of Magifyre the Ruffian, an amateur TrMo (D:4)
  A human (D:7)
  2 hippogriffs (D:8)
  4 hungry ghosts
  Edmund (D:6)
  2 water moccasins
  Duvessa (D:6)
  6 orc warriors
  5 sky beasts
  2 ice beasts
  A black bear (D:9)
  A necrophage (D:7)
  A centaur (D:9)
  4 phantoms
  An ogre (D:8)
  2 big kobolds (D:9)
  A gnoll sergeant (D:9)
  5 giant frogs
  Dowan (D:6)
  A water moccasin skeleton (D:9)
  A water moccasin zombie (D:10)
  3 scorpions
  5 killer bees (D:9)
  7 howler monkeys
  4 wights (D:6)
  2 centaur zombies
  2 giant frog zombies
  4 crimson imps
  4 hounds
  A wasp zombie (D:5)
  3 jellies
  8 orc priests
  A giant frog skeleton (D:9)
  10 orc wizards
  9 worker ants
  5 iguanas
  4 sheep (D:7)
  A killer bee zombie (D:5)
  A giant frog simulacrum (D:9)
  2 hound skeletons
  A hound zombie (D:7)
  A mummy (D:6)
  14 gnolls
  16 adders
  A howler monkey skeleton (D:9)
  A shadow imp (D:5)
  An ooze (D:2)
  An adder zombie (D:9)
  A worm (D:3)
  3 dart slugs
  5 giant geckos
  58 orcs
  4 giant cockroaches
  9 goblins
  6 hobgoblins
  6 jackals
  8 quokkas
  9 bats
  2 giant gecko skeletons
  A giant gecko zombie (D:7)
  8 giant newts
  19 kobolds
  A quokka zombie (D:6)
  13 rats
  A plant (D:2)
320 creatures vanquished.

Vanquished Creatures (others)
  An iguana (D:4)
  An adder (D:4)
  3 orcs (D:4)
5 creatures vanquished.

Grand Total: 325 creatures vanquished

Notes
Turn   | Place    | Note
--------------------------------------------------------------
     0 | D:1      | AlphabetPasta the Ogre Warper began the quest for the Orb.
     0 | D:1      | Reached XP level 1. HP: 22/22 MP: 3/3
   195 | D:1      | Reached skill level 3 in Maces & Flails
   198 | D:1      | Reached XP level 2. HP: 24/29 MP: 5/5
   205 | D:1      | Learned a level 2 spell: Blink
   208 | D:1      | Learned a level 2 spell: Shroud of Golubria
   708 | D:1      | Reached XP level 3. HP: 36/36 MP: 6/6
  1242 | D:1      | HP: 1/36 [poisoned by an adder]
  1723 | D:2      | Reached XP level 4. HP: 43/44 MP: 8/8
  1728 | D:2      | Learned a level 3 spell: Portal Projectile
  2345 | D:3      | Reached skill level 4 in Maces & Flails
  2533 | D:3      | Found a hide-covered altar of Uskayaw.
  2536 | D:3      | Noticed a dagger
  2536 | D:3      | Noticed a dagger
  3114 | D:3      | Reached XP level 5. HP: 31/53 MP: 7/9
  3638 | D:4      | Noticed Magifyre's ghost (amateur TrMo)
  4442 | D:3      | Reached skill level 5 in Maces & Flails
  4442 | D:3      | Reached XP level 6. HP: 33/61 MP: 1/10
  4447 | D:3      | Learned a level 3 spell: Portal Projectile
  4451 | D:3      | Learned a level 3 spell: Teleport Other
  5683 | D:4      | Noticed a slave
  5684 | D:4      | Noticed Pikel
  5685 | D:4      | Noticed a slave
  5685 | D:4      | Noticed a slave
  5686 | D:4      | Noticed a slave
  5731 | D:4      | Killed Pikel
  5731 | D:4      | Reached skill level 6 in Maces & Flails
  5731 | D:4      | Reached XP level 7. HP: 33/71 MP: 12/12
  5731 | D:4      | Reached XP level 8. HP: 37/79 MP: 13/13
  5965 | D:4      | Learned a level 4 spell: Passage of Golubria
  6305 | D:4      | Killed Magifyre's ghost
  6305 | D:4      | Reached skill level 7 in Maces & Flails
  6452 | D:5      | Entered Level 5 of the Dungeon
  6542 | D:4      | Reached skill level 5 in Fighting
  6871 | D:5      | Reached skill level 1 in Charms
  7401 | D:5      | Found an ancient bone altar of Kikubaaqudgha.
  7402 | D:5      | Found a burning altar of Makhleb.
  7410 | D:5      | Became a worshipper of Makhleb the Destroyer
  7806 | D:5      | Reached XP level 9. HP: 67/88 MP: 8/15
  7902 | D:6      | Found a snail-covered altar of Cheibriados.
  7955 | D:6      | Found a sacrificial altar of Ru.
  7955 | D:6      | Found a glowing golden altar of the Shining One.
  7956 | D:6      | Found a shadowy altar of Dithmenos.
  7995 | D:6      | Reached skill level 8 in Maces & Flails
  8057 | D:6      | Reached * piety under Makhleb
  8083 | D:6      | Noticed Duvessa
  8084 | D:6      | Noticed Dowan
  8092 | D:6      | Killed Duvessa
  8101 | D:6      | Killed Dowan
  8266 | D:6      | Noticed Edmund
  8278 | D:6      | Killed Edmund
  8507 | D:6      | Reached skill level 1 in Invocations
  8574 | D:6      | Reached skill level 5 in Translocations
  8726 | D:6      | Reached skill level 5 in Spellcasting
  8729 | D:6      | Reached ** piety under Makhleb
  9148 | D:7      | HP: 4/89 [poisoned by a water moccasin]
  9154 | D:7      | HP: 4/89 [poisoned by a water moccasin]
  9162 | D:7      | HP: 3/89 [poisoned by a water moccasin]
  9531 | D:7      | Found a staircase to the Ecumenical Temple.
  9540 | Temple   | Entered the Ecumenical Temple
  9724 | D:7      | Reached skill level 9 in Maces & Flails
  9878 | D:7      | Reached skill level 5 in Dodging
  9878 | D:7      | Reached XP level 10. HP: 97/100 MP: 16/18
 10336 | D:8      | Noticed a red ugly thing
 10355 | D:8      | Killed a brown ugly thing
 10355 | D:8      | Reached skill level 5 in Throwing
 10407 | D:8      | Reached *** piety under Makhleb
 10495 | D:8      | Reached skill level 10 in Maces & Flails
 10912 | D:9      | Noticed Magifyre's ghost (novice DEFE)
 10917 | D:9      | Killed Magifyre's ghost
 11116 | D:9      | Found a sparkling altar of Nemelex Xobeh.
 11418 | D:9      | Reached **** piety under Makhleb
 11484 | D:9      | Reached skill level 1 in Evocations
 12050 | D:9      | Reached XP level 11. HP: 109/109 MP: 16/20
 12592 | D:10     | Entered Level 10 of the Dungeon
 13120 | D:9      | Reached skill level 11 in Maces & Flails
 13415 | D:10     | Noticed Magifyre's ghost (novice DESu)
 13594 | D:10     | Noticed Erolcha
 13759 | D:10     | Noticed Maud
 13984 | D:10     | Killed Magifyre's ghost
 14323 | D:10     | Killed Erolcha
 15530 | D:11     | Noticed a hill giant
 15538 | D:11     | Killed a hill giant
 15590 | D:11     | Found a staircase to the Lair.
 15722 | D:11     | Reached ***** piety under Makhleb
 15986 | D:11     | Noticed a manticore
 16000 | D:11     | HP: 3/113 [manticore (6)]
 16001 | D:11     | Slain by a manticore

Vault maps used:
D:1:      kilobyte_arrival_exit_the_forest, bh_walls_and_bars
D:2:      serial_forest, infiniplex_forest_zigzag_1,
          infiniplex_forest_straight_3, infiniplex_forest_clump_tiny,
          infiniplex_forest_clump_tiny, infiniplex_forest_end_3,
          infiniplex_forest_split, infiniplex_forest_straight_2,
          infiniplex_forest_end_2, infiniplex_forest_straight_2
D:3:      dancing_weapons_uskayaw, first_bread, corexii_item_surrounded_by_moat
D:4:      hangedman_decor_peaks_small, uniq_pikel
D:5:      lemuel_crystal_altar, lemuel_crystal_altar
D:6:      slow_altar_2, gammafunk_temple_overflow_claw, kennysheep_nub,
          uniq_duvessa, uniq_edmund
D:7:      temple_statues, grunt_livestock
D:9:      nicolae_overflow_crystal_walls, hangedman_weighted_door
D:10:     uniq_erolcha, uniq_maud
D:11:     lair_0_dummy
Temple:   water_room_temple_a_12

Skill      XL: |  1  2  3  4  5  6  7  8  9 10 11 |
---------------+----------------------------------+-----
Maces & Flails | 3 4 5 6 7 9 10 11 | 11.7
Fighting       | 3 4 5 6 7 8 |  8.3
Throwing       | 2 3 4 5 6 |  6.1
Dodging        | 3 4 5 6 |  6.3
Spellcasting   | 3 4 5 6 |  6.9
Translocations | 3 4 5 6 |  6.9
Charms         | 1 |  1.2
Invocations    | 2 3 4 |  4.5
Evocations     | 1 |  1.4

Action                   |  1- 3 |  4- 6 |  7- 9 | 10-12 || total
-------------------------+-------+-------+-------+-------++-------
Melee: Mace              |   158 |   423 |       |       ||   581
       Flail             |       |       |   432 |   135 ||   567
       Whip              |       |       |     9 |       ||     9
       Giant club        |       |       |       |   448 ||   448
Throw: Tomahawk          |     1 |     1 |    60 |   163 ||   225
       Javelin           |       |       |       |     2 ||     2
 Cast: Shroud of Golubri |     3 |    36 |    47 |    64 ||   150
       Blink             |       |     5 |     1 |     7 ||    13
       Teleport Other    |       |       |       |     1 ||     1
Evoke: Wand              |       |     2 |       |     5 ||     7
  Use: Scroll            |     1 |     7 |     6 |     8 ||    22
       Potion            |       |     1 |       |     4 ||     5
 Stab: Sleeping          |     2 |     1 |       |     1 ||     4
       Paralysed         |       |       |       |     5 ||     5
  Eat: Chunk             |     3 |    15 |     9 |    10 ||    37
       Beef jerky        |       |     1 |       |     3 ||     4
       Meat ration       |       |       |     1 |     2 ||     3
       Royal jelly       |       |       |     1 |       ||     1
       Pizza             |       |       |       |     3 ||     3
Armor: Robe              |    36 |    90 |   204 |   239 ||   569
Dodge: Dodged            |    90 |   230 |   200 |   409 ||   929
